General information
- name: BNet
- type: Ladder 1vs1/FFA
- host: Battle.net
- saver: BEAR_AND
map: Wetlands
- players: 2
- length: 125:16
- speed: Fast
- version: 1.21 W3XP
- replay type:

» download(299 KB)
Players
team 1 (loser)
Arachno (
orange | 20 APM | 2514 actions | 125:15)
4 Paladin
2 Holy Light
2 Devotion Aura
» actions
| Assign group hotkey | 56 | |
| Basic commands | 143 | |
| Build / train | 181 | |
| ESC pressed | 15 | |
| Enter build submenu | 42 | |
| Enter hero's abilities submenu | 4 | |
| Remove unit from queue | 2 | |
| Right click | 707 | |
| Select / deselect | 728 | |
| Select group hotkey | 485 | |
| Use ability | 151 | |
2514 total
» units
| Peasant | 41 | |
| Footman | 24 | |
| Rifleman | 10 | |
| Sorceress | 15 | |
| Spell Breaker | 2 | |
| Mortar Team | 3 | |
| Knight | 26 | |
| Siege Engine | 6 | |
| Priest | 6 | |
| Flying Machine | 2 | |
135 total
» upgrades
| Gunpowder | 2 | |
| Long Rifles | 1 | |
| Armor | 1 | |
| Plating | 3 | |
| Sorceress Training | 1 | |
| Priest Training | 2 | |
| Swords | 2 | |
| Masonry | 3 | |
| Flying Machine Bombs | 1 | |
| Flak Cannons | 1 | |
| Lumber Harvesting | 1 | |
18 total
» buildings
| Barracks | 2 | |
| Altar of Kings | 1 | |
| Farm | 13 | |
| Keep | 1 | |
| Arcane Vault | 1 | |
| Blacksmith | 1 | |
| Lumber Mill | 2 | |
| Arcane Sanctum | 2 | |
| Workshop | 1 | |
| Town Hall | 3 | |
| Castle | 1 | |
| Scout Tower | 14 | |
| Guard Tower | 9 | |
| Arcane Tower | 3 | |
54 total
» build order
00:21 Barracks
00:35 Altar of Kings
00:50 Farm
01:06 Farm
01:55 Farm
03:12 Keep
04:06 Arcane Vault
04:31 Blacksmith
05:11 Lumber Mill
05:26 Farm
05:42 Arcane Sanctum
05:49 Arcane Sanctum
06:36 Farm
07:04 Farm
08:42 Farm
08:56 Workshop
09:42 Town Hall
11:22 Farm
14:21 Castle
15:28 Farm
15:30 Farm
18:36 Barracks
18:53 Farm
19:02 Lumber Mill
22:05 Farm
22:45 Farm
34:56 Scout Tower
34:58 Scout Tower
35:01 Scout Tower
35:04 Scout Tower
35:05 Scout Tower
35:34 Guard Tower
35:35 Guard Tower
35:37 Guard Tower
35:39 Guard Tower
35:43 Guard Tower
35:46 Scout Tower
36:15 Guard Tower
48:11 Town Hall
48:27 Scout Tower
48:31 Scout Tower
49:07 Guard Tower
49:08 Guard Tower
57:26 Scout Tower
57:30 Scout Tower
57:35 Scout Tower
58:02 Guard Tower
58:35 Arcane Tower
59:16 Arcane Tower
59:42 Scout Tower
62:46 Arcane Tower
63:36 Scout Tower
69:12 Scout Tower
76:48 Town Hall
» items
| Scroll of Regeneration | 2 | |
| Potion of Mana | 2 | |
| Lesser Clarity Potion | 1 | |
5 total
team 2 (winner)
BEAR_AND (
yellow | 58 APM | 7290 actions | 125:16)
6 Archmage
3 Blizzard
2 Brilliance Aura
1 Mass Teleport
6 Mountain King
3 Storm Bolt
2 Bash
1 Avatar
6 Paladin
3 Holy Light
2 Divine Shield
1 Devotion Aura
» actions
| Assign group hotkey | 9 | |
| Basic commands | 59 | |
| Build / train | 262 | |
| Enter build submenu | 56 | |
| Enter hero's abilities submenu | 21 | |
| Give item / drop item | 20 | |
| Remove unit from queue | 3 | |
| Right click | 4453 | |
| Select / deselect | 1085 | |
| Select group hotkey | 752 | |
| Use ability | 570 | |
7290 total
» units
| Peasant | 113 | |
| Priest | 3 | |
| Dragonhawk Rider | 4 | |
| Sorceress | 3 | |
| Gryphon Rider | 1 | |
124 total
» upgrades
| Masonry | 3 | |
| Lumber Harvesting | 2 | |
| Swords | 2 | |
| Sorceress Training | 2 | |
| Priest Training | 2 | |
| Animal War Training | 1 | |
| Magic Sentry | 1 | |
13 total
» buildings
| Altar of Kings | 1 | |
| Farm | 6 | |
| Lumber Mill | 1 | |
| Scout Tower | 134 | |
| Guard Tower | 64 | |
| Keep | 2 | |
| Arcane Vault | 1 | |
| Castle | 5 | |
| Arcane Sanctum | 1 | |
| Gryphon Aviary | 1 | |
| Blacksmith | 1 | |
| Barracks | 1 | |
| Town Hall | 7 | |
| Arcane Tower | 5 | |
230 total
» build order
00:05 Altar of Kings
00:17 Farm
00:28 Farm
00:43 Lumber Mill
01:25 Scout Tower
01:27 Scout Tower
01:38 Scout Tower
01:41 Scout Tower
01:51 Guard Tower
01:51 Guard Tower
02:15 Guard Tower
02:23 Guard Tower
02:31 Scout Tower
02:38 Scout Tower
02:47 Guard Tower
02:47 Guard Tower
03:03 Guard Tower
03:05 Scout Tower
03:20 Guard Tower
03:37 Guard Tower
03:50 Scout Tower
04:42 Keep
04:44 Farm
04:46 Guard Tower
04:49 Scout Tower
04:53 Scout Tower
04:54 Scout Tower
04:56 Scout Tower
04:57 Scout Tower
04:59 Scout Tower
05:01 Scout Tower
05:02 Scout Tower
05:03 Scout Tower
05:08 Scout Tower
05:15 Guard Tower
05:17 Scout Tower
05:29 Arcane Vault
05:43 Scout Tower
05:45 Guard Tower
05:45 Guard Tower
05:45 Guard Tower
05:49 Farm
06:04 Guard Tower
06:04 Guard Tower
06:08 Scout Tower
06:10 Scout Tower
06:11 Scout Tower
07:06 Guard Tower
07:09 Guard Tower
07:46 Castle
07:46 Castle
07:55 Guard Tower
08:00 Guard Tower
08:00 Guard Tower
08:16 Arcane Sanctum
08:55 Guard Tower
08:55 Guard Tower
09:04 Guard Tower
09:05 Guard Tower
09:26 Gryphon Aviary
10:09 Guard Tower
10:13 Guard Tower
10:20 Farm
11:53 Guard Tower
12:19 Farm
12:22 Blacksmith
19:15 Barracks
20:47 Town Hall
20:53 Scout Tower
20:53 Scout Tower
20:54 Scout Tower
20:55 Scout Tower
20:55 Scout Tower
20:56 Scout Tower
20:56 Scout Tower
20:57 Scout Tower
20:58 Scout Tower
20:58 Scout Tower
20:59 Scout Tower
20:59 Scout Tower
21:24 Town Hall
21:37 Guard Tower
21:41 Scout Tower
21:42 Scout Tower
21:43 Scout Tower
21:43 Scout Tower
21:45 Scout Tower
21:45 Scout Tower
21:46 Scout Tower
21:48 Scout Tower
21:48 Scout Tower
21:49 Scout Tower
21:50 Scout Tower
22:04 Guard Tower
22:13 Guard Tower
22:59 Guard Tower
23:00 Guard Tower
23:22 Guard Tower
23:26 Guard Tower
23:36 Scout Tower
23:37 Scout Tower
23:37 Scout Tower
23:38 Scout Tower
23:39 Scout Tower
23:40 Scout Tower
23:40 Scout Tower
23:42 Scout Tower
23:43 Scout Tower
23:46 Scout Tower
23:48 Scout Tower
23:49 Scout Tower
23:50 Scout Tower
23:51 Scout Tower
23:54 Scout Tower
23:54 Scout Tower
23:55 Scout Tower
23:56 Scout Tower
23:57 Scout Tower
23:58 Scout Tower
24:41 Guard Tower
24:45 Scout Tower
24:45 Scout Tower
24:46 Scout Tower
24:47 Scout Tower
24:47 Scout Tower
24:55 Guard Tower
25:50 Guard Tower
26:17 Guard Tower
26:30 Guard Tower
26:31 Guard Tower
26:34 Scout Tower
26:34 Scout Tower
26:35 Scout Tower
26:36 Scout Tower
26:37 Scout Tower
26:37 Scout Tower
26:39 Scout Tower
26:41 Scout Tower
26:42 Scout Tower
26:43 Scout Tower
26:44 Scout Tower
26:45 Scout Tower
26:46 Scout Tower
26:46 Scout Tower
27:07 Guard Tower
27:43 Guard Tower
27:47 Guard Tower
28:04 Guard Tower
30:00 Guard Tower
30:22 Guard Tower
30:40 Town Hall
31:26 Scout Tower
31:27 Scout Tower
31:28 Scout Tower
31:29 Scout Tower
31:29 Scout Tower
31:30 Scout Tower
31:31 Scout Tower
31:32 Scout Tower
31:32 Scout Tower
32:21 Guard Tower
32:27 Town Hall
34:32 Guard Tower
34:53 Scout Tower
34:54 Scout Tower
34:59 Guard Tower
35:48 Scout Tower
35:49 Scout Tower
35:50 Scout Tower
35:51 Scout Tower
35:51 Scout Tower
35:52 Scout Tower
35:53 Scout Tower
35:54 Scout Tower
35:55 Guard Tower
36:17 Guard Tower
37:33 Guard Tower
38:33 Guard Tower
40:41 Guard Tower
41:23 Scout Tower
41:24 Scout Tower
41:24 Scout Tower
41:26 Scout Tower
41:27 Scout Tower
41:29 Scout Tower
41:30 Scout Tower
41:31 Scout Tower
41:37 Scout Tower
41:38 Scout Tower
41:39 Scout Tower
41:40 Scout Tower
41:40 Scout Tower
41:41 Scout Tower
41:42 Scout Tower
41:42 Scout Tower
41:44 Scout Tower
41:44 Scout Tower
41:45 Scout Tower
41:46 Scout Tower
41:47 Scout Tower
41:47 Scout Tower
41:48 Scout Tower
41:49 Scout Tower
41:49 Scout Tower
41:50 Scout Tower
41:52 Scout Tower
41:52 Scout Tower
41:52 Scout Tower
41:57 Guard Tower
42:09 Guard Tower
42:54 Arcane Tower
43:33 Arcane Tower
43:35 Arcane Tower
43:37 Arcane Tower
45:28 Guard Tower
45:58 Arcane Tower
45:59 Guard Tower
47:33 Town Hall
50:00 Guard Tower
50:30 Guard Tower
50:55 Guard Tower
52:55 Guard Tower
76:25 Town Hall
118:50 Town Hall
119:10 Keep
121:38 Castle
» items
| Boots of Speed | 3 | |
| Staff of Teleportation | 3 | |
| Scroll of Regeneration | 1 | |
| Staff of Sanctuary | 3 | |
| Orb of Fire | 2 | |
| Lesser Clarity Potion | 4 | |
| Scroll of Town Portal | 2 | |
| Potion of Mana | 4 | |
| Potion of Healing | 1 | |
23 total
Chat log
(04:08 / All) BEAR_AND: ty
(04:15 / All) Arachno: yep
(18:42 / All) Arachno: lol
(25:02 / All) BEAR_AND: damn i'm out of gold.
(26:15 / All) Arachno: omg
(26:19 / All) Arachno: fuckin lame dude
(26:22 / All) BEAR_AND: lmao
(27:44 / All) Arachno: haha
(27:49 / All) Arachno: you can't be serious
(27:59 / All) BEAR_AND: no joke my friend
(28:27 / All) Arachno: actually it is
(28:31 / All) BEAR_AND: ??????????
(28:35 / All) Arachno: a
(28:37 / All) Arachno: joke
(28:42 / All) BEAR_AND: how? you are losing
(28:47 / All) Arachno: k
(28:47 / All) BEAR_AND: do you find that funny.
(28:56 / All) Arachno: lol
(29:06 / All) Arachno: isn't it obvious
(33:34 / All) Arachno: lol ur such a fag..
(33:37 / All) BEAR_AND: 1v1?
(33:38 / All) BEAR_AND: wait
(33:40 / All) Arachno: too much tower defense game
(34:19 / All) BEAR_AND: well,
(36:32 / All) BEAR_AND: listen bro i give lessons
(36:38 / All) BEAR_AND: i think you should look into it
(36:39 / All) Arachno: you give head
(36:40 / All) Arachno: stfu
(36:52 / All) BEAR_AND: you have paypal? it's $15 per half hour session
(36:56 / All) Arachno: stfu!
(36:57 / All) Arachno: thx
(37:00 / All) BEAR_AND: nah
(37:04 / All) Arachno: ur a fuckin gay
(37:10 / All) BEAR_AND: ????????????
(37:13 / All) BEAR_AND: can i add you to friends
(37:14 / All) Arachno: You
(37:16 / All) Arachno: Are
(37:18 / All) Arachno: A
(37:21 / All) Arachno: Gay
(37:24 / All) BEAR_AND: i added you to friends
(37:25 / All) BEAR_AND: did you see
(37:32 / All) Arachno: of course
(37:36 / All) BEAR_AND: :)
(39:47 / All) BEAR_AND: hmmm
(39:50 / All) BEAR_AND: you are still bad.
(40:03 / All) Arachno: you are all towers
(40:09 / All) Arachno: u really suck
(40:11 / All) BEAR_AND: 1v1?
(40:12 / All) Arachno: not just bad
(40:13 / All) BEAR_AND: HANG ON
(40:16 / All) BEAR_AND: we are.
(40:17 / All) Arachno: HA
(40:18 / All) BEAR_AND: 1v1
(40:19 / All) Arachno: HA
(40:22 / All) Arachno: no we're not
(40:23 / All) BEAR_AND: i am winning at a game of skill vs u
(40:30 / All) BEAR_AND: what does that say,
(40:35 / All) Arachno: we're playing tower defense
(40:43 / All) Arachno: and ur a fuckin homo
(40:43 / All) BEAR_AND: no, i don't think so
(40:47 / All) BEAR_AND: this is warcraft 3
(40:49 / All) Arachno: yea I think so
(40:52 / All) Arachno: you like the cock
(40:59 / All) BEAR_AND: ????????????? why are you so rude?!
(41:13 / All) BEAR_AND: you can take another goldmine, i will permit it
(41:24 / All) Arachno: haha
(43:49 / All) BEAR_AND: i am just using 3 heroes
(44:59 / All) Arachno: running?
(45:26 / All) Arachno: fagmo!
(45:29 / All) Arachno: lol
(45:32 / All) BEAR_AND: running?
(45:41 / All) Arachno: you started it
(45:44 / All) BEAR_AND: ??????????
(45:49 / All) Arachno: ????????
(46:17 / All) Arachno: gonna let me get that gold mine?
(46:22 / All) BEAR_AND: i think i've lost 2 priests and a couple peasants so far
(46:29 / All) Arachno: gj
(46:32 / All) Arachno: ur the best
(46:35 / All) BEAR_AND: thank you
(46:48 / All) Arachno: Welcome :)
(49:37 / All) Arachno: I'm gonna step out for a smoke while my expansion builds
(49:41 / All) Arachno: k
(49:42 / All) BEAR_AND: ok :)
(49:44 / All) Arachno: ?
(49:46 / All) Arachno: kewl
(49:51 / All) Arachno: brb
(57:40 / All) BEAR_AND: i love this game
(57:46 / All) Arachno: me too
(57:55 / All) Arachno: I got it when it first came out
(58:00 / All) BEAR_AND: me too
(58:06 / All) BEAR_AND: i played the beta actually
(58:17 / All) Arachno: I haven't played that whole time however
(58:26 / All) Arachno: went to guildwars for a while
(58:26 / All) BEAR_AND: me either
(58:40 / All) BEAR_AND: i played the campaign, i only started playing on bnet in 2006
(59:13 / All) Arachno: custom games are more powerful here than in SC
(62:00 / All) BEAR_AND: hmmm
(62:06 / All) BEAR_AND: i want level 6 for my am
(62:47 / All) BEAR_AND: how are you feeling
(62:55 / All) Arachno: pretty good
(63:01 / All) BEAR_AND: that reminds me i have been impolite! where are you from.
(63:03 / All) Arachno: I got a good night of sleep last night
(63:17 / All) Arachno: Africa
(63:18 / All) Arachno: you?
(65:09 / All) Arachno: might work better if I upgraded the attacks
(65:24 / All) BEAR_AND: haha
(65:26 / All) BEAR_AND: that won't really help
(65:31 / All) BEAR_AND: you need to upgrade your micro
(65:34 / All) Arachno: just a little
(65:43 / All) BEAR_AND: why do you only have one hero?
(65:55 / All) Arachno: that's not polite
(65:59 / All) BEAR_AND: lord knows you could be carrying triple the potions
(66:26 / All) Arachno: yea but that would be playing like you.
(66:37 / All) BEAR_AND: playing very well you mean
(66:49 / All) Arachno: actually I meant
(66:58 / All) Arachno: playing like a homo with no life.
(67:01 / All) BEAR_AND: :)
(67:18 / All) Arachno: that what you wanted?
(67:23 / All) BEAR_AND: what?
(67:26 / All) Arachno: so you can avatar and heal?
(67:37 / All) BEAR_AND: i didn't need avatar at all
(67:55 / All) Arachno: brb
(68:07 / All) Arachno: gonna smoke now
(68:11 / All) Arachno: you wouldn't let me before
(68:16 / All) Arachno: you are suppose to be nice
(69:43 / All) Arachno: getting tired of being in this game?
(69:46 / All) BEAR_AND: nope
(69:51 / All) Arachno: kewl
(69:52 / All) Arachno: then
(69:55 / All) Arachno: let me go smoke
(70:08 / All) Arachno: ...
(70:23 / All) Arachno: is that what a polite person does?
(70:40 / All) BEAR_AND: i control the pauses
(70:42 / All) Arachno: ur not polite
(70:46 / All) BEAR_AND: you may leave now
(70:48 / All) Arachno: ur a meanie head
(71:11 / All) Arachno: ur just a big ol' meanie!
(71:16 / All) Arachno: that's all u are!
(71:21 / All) BEAR_AND: remember my name
(71:23 / All) BEAR_AND: bear_and
(71:24 / All) Arachno: I'ma tell my mommy!
(71:28 / All) BEAR_AND: play this game enough you'll hear it
(71:48 / All) Arachno: My mommy said she was gonna tell your mommy
(72:00 / All) BEAR_AND: hush
(72:05 / All) Arachno: and then
(72:25 / All) Arachno: your mommy is gonna play with ur wee wee
(73:22 / All) Arachno: Stop!
(73:26 / All) Arachno: I'm telling!
(73:54 / All) Arachno: I'm going to tell my mommy right now!
(73:57 / All) BEAR_AND: bye
(74:02 / All) Arachno: she's gonna come over there!
(74:16 / All) Arachno: my mommy and your mommy is gonna have a little talk!
(81:33 / All) Arachno: hey you big meanie head!
(81:41 / All) Arachno: you still there?
(91:13 / All) Arachno: you are still there meanie head!
(91:48 / All) BEAR_AND: occasionally
(92:03 / All) Arachno: did your mommy talk to you yet?
(92:08 / All) BEAR_AND: ?????????????????????????????
(92:14 / All) Arachno: I told you
(92:23 / All) Arachno: my mommy said she was gonna call your mommy
(93:01 / All) Arachno: are you there meanie head?
(94:44 / All) Arachno: Meanie head?
(95:09 / All) Arachno: meanie head?!
(101:30 / All) Arachno: IT'S!!
(101:46 / All) Arachno: A beautiful day in the neigborhood!
(102:04 / All) Arachno: A beautiful day for a neigbor!
(102:13 / All) Arachno: would you be mine!
(102:24 / All) Arachno: WOULD you be mine!
(102:31 / All) Arachno: Be my neighbor!
(116:25 / All) Arachno: HEY!
(116:31 / All) Arachno: Stop that meanie head!
(116:39 / All) BEAR_AND: all the gold and wood on the map is gone
(116:43 / All) BEAR_AND: might as well finish it
(117:02 / All) Arachno: My mommy told me your name was lester
(120:03 / All) Arachno: woops
(120:17 / All) Arachno: forgot I squelched you
(120:21 / All) Arachno: one sec
(120:43 / All) Arachno: nm don't feel like undoing it
(120:58 / All) Arachno: you know what?
(121:01 / All) Arachno: lester
(121:03 / All) Arachno: ..
(121:16 / All) Arachno: that rhymes with child molester
(121:32 / All) Arachno: my mommy says I can't play with you no more
(123:53 / All) Arachno: lester
(124:03 / All) Arachno: gave up?
(124:18 / All) Arachno: lester?!